TOP OF THE 1ST |
Greensboro Grasshoppers batting - Pitching for Peoria Chiefs : RHP Ben Cook
|
Pitching: RHP Ben Cook
|
|
Batting: RHB Harrie de Kam
|
0-0: Ball 1-0: Called Strike 1-1: Swinging Strike 1-2: Foul Ball, location: 2F 1-2: Foul Ball, location: 2F 1-2: Strikes out swinging
|
Batting: RHB Rafael Irizarry
|
0-0: Ball 1-0: Foul Ball, location: 2F 1-1: Ball 2-1: Foul Ball, location: 2F 2-2: Foul Ball, location: 2F 2-2: Ball 3-2: Foul Ball, location: 2F 3-2: Strikes out swinging
|
Batting: RHB Nate Crofts
|
0-0: Ball 1-0: Called Strike 1-1: SINGLE (Groundball, 56D, EV 108.1 MPH)
|
Batting: LHB Angelo Estrella
|
0-0: Ball 1-0: Foul Ball, location: 2F 1-1: Swinging Strike 1-2: Ground out 4-3 (Groundball, 34D, EV 100.6 MPH)
|
Top of the 1st over - 0 runs, 1 hit, 0 errors, 1 left on base; Greensboro 0 - Peoria 0 |
BOTTOM OF THE 1ST |
Peoria Chiefs batting - Pitching for Greensboro Grasshoppers : RHP Adam Brown
|
Pitching: RHP Adam Brown
|
|
Batting: LHB Tsutomu Miyahara
|
0-0: Called Strike 0-1: Ball 1-1: Ball 2-1: Swinging Strike 2-2: Strikes out swinging passed ball, reaches first!
|
Batting: RHB Tommy Tracy
|
0-0: Foul Ball, location: 2F 0-1: Called Strike 0-2: Ball 1-2: Foul Ball, location: 2F 1-2: Ball 2-2: Ball 3-2: SINGLE (Groundball, 5S, EV 66.2 MPH) (infield hit) Tsutomu Miyahara to second
|
Batting: SHB Gerardo Macias
|
0-0: Foul Ball, location: 2F 0-1: Ball 1-1: Foul Ball, location: 2F 1-2: Foul Ball, location: 2F 1-2: Ball 2-2: Foul Ball, location: 2F 2-2: 3-RUN HOME RUN (Flyball, 9D, EV 98.1 MPH), Distance : 356 ft
|
Batting: LHB Dana McDonald
|
0-0: Ball 1-0: SINGLE (Groundball, 34S, EV 63.8 MPH) (infield hit)
|
Batting: RHB Jonathan Davis
|
0-0: Fly out, F2 (Popup, 2R, EV 96.2 MPH)
|
Batting: RHB Kalidas Mishra
|
0-0: Ball 1-0: Foul Ball, location: 2F 1-1: Foul Ball, location: 2F 1-2: Ball 2-2: Strikes out swinging
|
Batting: RHB Josh Broome
|
0-0: Called Strike 0-1: Ball 1-1: Called Strike 1-2: Foul Ball, location: 2F 1-2: DOUBLE (Line Drive, 78XD, EV 110.0 MPH) Dana McDonald to third Runner from 3rd tries for Home, SAFE, throw by LF to home
|
Batting: RHB Edgar Landim
|
0-0: Ball 1-0: Foul Ball, location: 2F 1-1: Foul Ball, location: 2F 1-2: SINGLE (Groundball, 5D, EV 110.6 MPH) Josh Broome to third Runner from 3rd tries for Home, SAFE, throw by LF to home
|
Batting: LHB Keith Rice
|
0-0: Called Strike 0-1: Ball 1-1: Fielders Choice at 2nd, 6-4 (Groundball, 6, EV 87.5 MPH)
|
Bottom of the 1st over - 5 runs, 5 hits, 0 errors, 1 left on base; Greensboro 0 - Peoria 5 |
TOP OF THE 2ND |
Greensboro Grasshoppers batting - Pitching for Peoria Chiefs : RHP Ben Cook
|
Batting: RHB Chris Alft
|
0-0: Foul Ball, location: 2F 0-1: Foul Ball, location: 2F 0-2: Ball 1-2: Strikes out swinging
|
Batting: LHB Justin Blakely
|
0-0: Ball 1-0: SINGLE (Groundball, 56, EV 99.4 MPH)
|
Batting: LHB Jose Cabello
|
0-0: Fielders Choice at 2nd, 4-6 (Groundball, 4, EV 106.2 MPH)
|
Batting: RHB Dennis Coppolino
|
0-0: Called Strike 0-1: Ball 1-1: Swinging Strike 1-2: Foul Ball, location: 2F 1-2: Foul Ball, location: 2F 1-2: Fielders Choice at 2nd, 6-4 (Groundball, 6, EV 84.4 MPH)
|
Top of the 2nd over - 0 runs, 1 hit, 0 errors, 1 left on base; Greensboro 0 - Peoria 5 |
BOTTOM OF THE 2ND |
Peoria Chiefs batting - Pitching for Greensboro Grasshoppers : RHP Adam Brown
|
Batting: LHB Tsutomu Miyahara
|
0-0: Ball 1-0: Ball 2-0: Called Strike 2-1: Foul Ball, location: 2F 2-2: Ground out 4-3 (Groundball, 34D, EV 101.2 MPH)
|
Batting: RHB Tommy Tracy
|
0-0: Ball 1-0: Called Strike 1-1: Called Strike 1-2: Fly out, F9 (Flyball, 89S, EV 84.4 MPH)
|
Batting: SHB Gerardo Macias
|
0-0: Ball 1-0: Called Strike 1-1: Ball 2-1: Foul Ball, location: 2F 2-2: Ground out 4-3 (Groundball, 34, EV 103.1 MPH)
|
Bottom of the 2nd over - 0 runs, 0 hits, 0 errors, 0 left on base; Greensboro 0 - Peoria 5 |
TOP OF THE 3RD |
Greensboro Grasshoppers batting - Pitching for Peoria Chiefs : RHP Ben Cook
|
Batting: RHB Nick Dunton
|
0-0: Ball 1-0: Called Strike 1-1: Swinging Strike 1-2: Ball 2-2: Foul Ball, location: 2F 2-2: Strikes out swinging
|
Batting: RHB Harrie de Kam
|
0-0: Ball 1-0: Ground out 5-3 (Groundball, 56, EV 103.8 MPH)
|
Batting: RHB Rafael Irizarry
|
0-0: Called Strike 0-1: Ball 1-1: Swinging Strike 1-2: Ball 2-2: Ball 3-2: Strikes out swinging
|
Top of the 3rd over - 0 runs, 0 hits, 0 errors, 0 left on base; Greensboro 0 - Peoria 5 |
BOTTOM OF THE 3RD |
Peoria Chiefs batting - Pitching for Greensboro Grasshoppers : RHP Adam Brown
|
Batting: LHB Dana McDonald
|
0-0: Called Strike 0-1: Ball 1-1: Called Strike 1-2: Ball 2-2: DOUBLE (Line Drive, 78D, EV 110.0 MPH)
|
Batting: RHB Jonathan Davis
|
0-0: DOUBLE (Flyball, 9LD, EV 100.6 MPH) Dana McDonald scores
|
Batting: RHB Kalidas Mishra
|
0-0: Foul Ball, location: 2F 0-1: SINGLE (Flyball, 8LS, EV 93.8 MPH) Jonathan Davis to third
|
Batting: RHB Josh Broome
|
0-0: Ball 1-0: Ball 2-0: Fielders Choice at 2nd, 6-4 (Groundball, 6, EV 89.4 MPH) Jonathan Davis scores
|
Batting: RHB Edgar Landim
|
0-0: 2-RUN HOME RUN (Flyball, 7D, EV 110.0 MPH), Distance : 397 ft
|
Pitching: RHP Joe Lynn
|
|
Batting: LHB Keith Rice
|
0-0: Ball 1-0: SINGLE (Groundball, 34D, EV 97.5 MPH)
|
Batting: LHB Tsutomu Miyahara
|
0-0: Foul Ball, location: 2F 0-1: Ball 1-1: Fly out, F9 (Flyball, 9S, EV 93.1 MPH)
|
Batting: RHB Tommy Tracy
|
0-0: Foul Ball, location: 2F 0-1: Foul Ball, location: 2F 0-2: Ball 1-2: DOUBLE (Line Drive, 89D, EV 100.0 MPH) Keith Rice to third
|
Batting: SHB Gerardo Macias
|
0-0: Ball 1-0: Swinging Strike 1-1: Swinging Strike 1-2: Ball 2-2: Foul Ball, location: 2F 2-2: Strikes out swinging
|
Bottom of the 3rd over - 4 runs, 6 hits, 0 errors, 2 left on base; Greensboro 0 - Peoria 9 |
TOP OF THE 4TH |
Greensboro Grasshoppers batting - Pitching for Peoria Chiefs : RHP Ben Cook
|
Batting: RHB Nate Crofts
|
0-0: Foul Ball, location: 2F 0-1: Ball 1-1: Swinging Strike 1-2: Ball 2-2: Ball 3-2: Base on Balls
|
Batting: LHB Angelo Estrella
|
0-0: Called Strike 0-1: Fielders Choice at 2nd, 3-6 (Groundball, 34, EV 100.6 MPH)
|
Batting: RHB Chris Alft
|
0-0: Called Strike 0-1: Fielders Choice at 2nd, 6-4 (Groundball, 6, EV 83.1 MPH)
|
Batting: LHB Justin Blakely
|
0-0: Fly out, F8 (Flyball, 78D, EV 86.2 MPH)
|
Top of the 4th over - 0 runs, 0 hits, 0 errors, 1 left on base; Greensboro 0 - Peoria 9 |
BOTTOM OF THE 4TH |
Peoria Chiefs batting - Pitching for Greensboro Grasshoppers : RHP Joe Lynn
|
Batting: LHB Dana McDonald
|
0-0: Ball 1-0: Foul Ball, location: 2F 1-1: Foul Ball, location: 2F 1-2: DOUBLE (Line Drive, 9LS, EV 102.5 MPH)
|
Batting: RHB Jonathan Davis
|
0-0: Ball 1-0: Swinging Strike 1-1: Foul Ball, location: 2F 1-2: Fly out, F8 (Flyball, 8LXD, EV 97.5 MPH) Runner from 2nd tags up, SAFE at 3rd, no throw by CF
|
Batting: RHB Kalidas Mishra
|
0-0: Fly out, F3 (Line Drive, 3, EV 68.1 MPH)
|
Batting: RHB Josh Broome
|
0-0: Ball 1-0: Foul Ball, location: 2F 1-1: Swinging Strike 1-2: Ball 2-2: Ball 3-2: Strikes out swinging
|
Bottom of the 4th over - 0 runs, 1 hit, 0 errors, 1 left on base; Greensboro 0 - Peoria 9 |
TOP OF THE 5TH |
Greensboro Grasshoppers batting - Pitching for Peoria Chiefs : RHP Ben Cook
|
Batting: LHB Jose Cabello
|
0-0: TRIPLE (Flyball, 9LD, EV 100.6 MPH)
|
Batting: RHB Dennis Coppolino
|
0-0: Ball 1-0: Called Strike 1-1: Foul Ball, location: 2F 1-2: Ball 2-2: Strikes out swinging
|
Batting: RHB Nick Dunton
|
0-0: Called Strike 0-1: Ball 1-1: Ball 2-1: Ground out 1-3 (Groundball, 13S, EV 67.5 MPH)
|
Batting: RHB Harrie de Kam
|
0-0: Foul Ball, location: 2F 0-1: Ball 1-1: Ball 2-1: Called Strike 2-2: Foul Ball, location: 2F 2-2: Foul Ball, location: 2F 2-2: Ball 3-2: SINGLE (Line Drive, 7S, EV 112.5 MPH) Jose Cabello scores
|
Batting: RHB Rafael Irizarry
|
0-0: Ball Harrie de Kam steals 2nd base 1-0: Foul Ball, location: 2F 1-1: Swinging Strike 1-2: Strikes out swinging
|
Top of the 5th over - 1 run, 2 hits, 0 errors, 1 left on base; Greensboro 1 - Peoria 9 |
BOTTOM OF THE 5TH |
Peoria Chiefs batting - Pitching for Greensboro Grasshoppers : RHP Joe Lynn
|
Batting: RHB Edgar Landim
|
0-0: Ball 1-0: Called Strike 1-1: Foul Ball, location: 2F 1-2: Ground out 6-3 (Groundball, 6, EV 85.6 MPH)
|
Batting: LHB Keith Rice
|
0-0: Ball 1-0: Ball 2-0: Ground out 4-3 (Groundball, 4, EV 84.4 MPH)
|
Batting: LHB Tsutomu Miyahara
|
0-0: Called Strike 0-1: Ball 1-1: Called Strike 1-2: Foul Ball, location: 2F 1-2: Ball 2-2: Strikes out swinging, 2-3 out at first.
|
Bottom of the 5th over - 0 runs, 0 hits, 0 errors, 0 left on base; Greensboro 1 - Peoria 9 |
TOP OF THE 6TH |
Greensboro Grasshoppers batting - Pitching for Peoria Chiefs : RHP Ben Cook
|
Batting: RHB Nate Crofts
|
0-0: Ball 1-0: Called Strike 1-1: Ground out 4-3 (Groundball, 4, EV 83.8 MPH)
|
Batting: LHB Angelo Estrella
|
0-0: Ball 1-0: Ball 2-0: Swinging Strike 2-1: Reached on error, E6 (Groundball, 6, EV 110.6 MPH)
|
Batting: RHB Chris Alft
|
0-0: Swinging Strike 0-1: Foul Ball, location: 2F 0-2: Ball 1-2: SINGLE (Groundball, 56D, EV 109.4 MPH) Angelo Estrella to third Runner from 3rd tries for Home, SAFE, throw by LF to home
|
Pitching: RHP Steve Pierson
|
|
Batting: LHB Justin Blakely
|
0-0: Called Strike 0-1: Ball 1-1: Swinging Strike 1-2: Strikes out swinging
|
Batting: LHB Jose Cabello
|
0-0: Ball 1-0: Ball 2-0: Ground out 4-3 (Groundball, 4, EV 91.2 MPH)
|
Top of the 6th over - 1 run, 1 hit, 1 error, 1 left on base; Greensboro 2 - Peoria 9 |
BOTTOM OF THE 6TH |
Peoria Chiefs batting - Pitching for Greensboro Grasshoppers : RHP Joe Lynn
|
Batting: RHB Tommy Tracy
|
0-0: Ball 1-0: Ball 2-0: Ball 3-0: Base on Balls
|
Pitching: RHP Bill Padgett
|
|
Batting: SHB Gerardo Macias
|
0-0: Ball 1-0: Called Strike 1-1: Foul Ball, location: 2F 1-2: Ball 2-2: Foul Ball, location: 2F 2-2: Strikes out swinging
|
Batting: LHB Dana McDonald
|
0-0: Ball 1-0: Swinging Strike 1-1: Foul Ball, location: 2F 1-2: Ball 2-2: Ball 3-2: Base on Balls Tommy Tracy to second
|
Batting: RHB Jonathan Davis
|
0-0: Ball 1-0: Foul Ball, location: 2F 1-1: Called Strike 1-2: Ball 2-2: Fly out, F7 (Flyball, 78M, EV 92.5 MPH)
|
Batting: RHB Kalidas Mishra
|
0-0: Called Strike 0-1: Ball 1-1: Called Strike 1-2: Foul Ball, location: 2F 1-2: Ball 2-2: Ball 3-2: Base on Balls Tommy Tracy to third Dana McDonald to second
|
Batting: RHB Josh Broome
|
0-0: Ball 1-0: Swinging Strike 1-1: Foul Ball, location: 2F 1-2: Hit by Pitch Tommy Tracy scores Dana McDonald to third Kalidas Mishra to second
|
Batting: RHB Edgar Landim
|
0-0: Called Strike 0-1: Ball 1-1: Called Strike 1-2: Foul Ball, location: 2F 1-2: Strikes out swinging
|
Bottom of the 6th over - 1 run, 0 hits, 0 errors, 3 left on base; Greensboro 2 - Peoria 10 |
TOP OF THE 7TH |
Greensboro Grasshoppers batting - Pitching for Peoria Chiefs : RHP Steve Pierson
|
Batting: RHB Dennis Coppolino
|
0-0: Foul Ball, location: 2F 0-1: Ball 1-1: Foul Ball, location: 2F 1-2: Fly out, F7 (Line Drive, 7D, EV 91.9 MPH)
|
Batting: RHB Nick Dunton
|
0-0: Ball 1-0: Swinging Strike 1-1: Ball 2-1: Foul Ball, location: 2F 2-2: Foul Ball, location: 2F 2-2: SINGLE (Line Drive, 78S, EV 99.4 MPH)
|
Batting: RHB Harrie de Kam
|
0-0: Called Strike 0-1: Foul Ball, location: 2F 0-2: Strikes out swinging
|
Batting: RHB Rafael Irizarry
|
0-0: Called Strike 0-1: Ground out 4-3 (Groundball, 4, EV 80.6 MPH)
|
Top of the 7th over - 0 runs, 1 hit, 0 errors, 1 left on base; Greensboro 2 - Peoria 10 |
BOTTOM OF THE 7TH |
Peoria Chiefs batting - Pitching for Greensboro Grasshoppers : RHP Bill Padgett
|
Pitching: RHP Mike Yorke
|
|
Batting: LHB Keith Rice
|
0-0: Called Strike 0-1: Swinging Strike 0-2: Ground out U3 (Groundball, 3, EV 92.5 MPH)
|
Batting: LHB Tsutomu Miyahara
|
0-0: Ball 1-0: Fly out, F8 (Line Drive, 8RD, EV 94.4 MPH)
|
Batting: RHB Tommy Tracy
|
0-0: TRIPLE (Flyball, 9D, EV 101.2 MPH)
|
Batting: SHB Gerardo Macias
|
0-0: Called Strike 0-1: Ball 1-1: Ball 2-1: Called Strike 2-2: Strikes out swinging
|
Bottom of the 7th over - 0 runs, 1 hit, 0 errors, 1 left on base; Greensboro 2 - Peoria 10 |
TOP OF THE 8TH |
Greensboro Grasshoppers batting - Pitching for Peoria Chiefs : RHP Steve Pierson
|
Pinch Hitting: LHB Ryan Karg
|
0-0: Ball 1-0: Foul Ball, location: 2F 1-1: Ball 2-1: Called Strike 2-2: Foul Ball, location: 2F 2-2: Strikes out swinging
|
Batting: LHB Angelo Estrella
|
0-0: Called Strike 0-1: Foul Ball, location: 2F 0-2: Foul Ball, location: 2F 0-2: Ground out 5-3 (Groundball, 5L, EV 85.0 MPH)
|
Batting: RHB Chris Alft
|
0-0: Called Strike 0-1: Ball 1-1: Foul Ball, location: 2F 1-2: SINGLE (Groundball, 6MD, EV 100.6 MPH)
|
Batting: LHB Justin Blakely
|
0-0: Ball 1-0: Foul Ball, location: 2F 1-1: Swinging Strike 1-2: Fielders Choice at 2nd, 6-4 (Groundball, 6, EV 103.1 MPH)
|
Top of the 8th over - 0 runs, 1 hit, 0 errors, 1 left on base; Greensboro 2 - Peoria 10 |
BOTTOM OF THE 8TH |
Peoria Chiefs batting - Pitching for Greensboro Grasshoppers : RHP Mike Yorke
|
Now at 1B: Ryan Karg
|
|
Batting: LHB Dana McDonald
|
0-0: Foul Ball, location: 2F 0-1: Ball 1-1: Called Strike 1-2: Strikes out swinging
|
Batting: RHB Jonathan Davis
|
0-0: Ball 1-0: Fly out, F8 (Flyball, 89S, EV 86.9 MPH)
|
Batting: RHB Kalidas Mishra
|
0-0: Ball 1-0: Foul Ball, location: 2F 1-1: Ball 2-1: Ground out 6-3 (Groundball, 6, EV 89.4 MPH)
|
Bottom of the 8th over - 0 runs, 0 hits, 0 errors, 0 left on base; Greensboro 2 - Peoria 10 |
TOP OF THE 9TH |
Greensboro Grasshoppers batting - Pitching for Peoria Chiefs : RHP Steve Pierson
|
Batting: LHB Jose Cabello
|
0-0: Ball 1-0: Foul Ball, location: 2F 1-1: Ball 2-1: Ball 3-1: Called Strike 3-2: Ground out 4-3 (Groundball, 4, EV 85.6 MPH)
|
Batting: RHB Dennis Coppolino
|
0-0: Called Strike 0-1: Called Strike 0-2: Ball 1-2: Ball 2-2: Foul Ball, location: 2F 2-2: SINGLE (Groundball, 56D, EV 98.8 MPH)
|
Pitching: LHP Vince Zujovic
|
|
Batting: RHB Nick Dunton
|
0-0: Ball 1-0: Swinging Strike 1-1: Ball 2-1: Fly out, F4 (Line Drive, 4, EV 71.2 MPH)
|
Batting: RHB Harrie de Kam
|
0-0: Ball 1-0: Called Strike 1-1: Called Strike 1-2: Ground out 2-3 (Groundball, 2R, EV 76.2 MPH)
|
Top of the 9th over - 0 runs, 1 hit, 0 errors, 1 left on base; Greensboro 2 - Peoria 10 |
|